 Dungeon Crawl Stone Soup version 0.31-a0-1074-g0b22e4e0f1 (webtiles) character file.

Game seed: 17777479543892044561

1855661 Jeffwins the Devastator (level 26, 207/207 (210) HPs)
             Began as an Armataur Conjurer on Nov 27, 2023.
             Was an Initiate of Gozag.
             Escaped with the Orb
             ... and 4 runes on Nov 28, 2023!
             The game lasted 04:04:07 (100957 turns).

Jeffwins the Devastator (Armataur Conjurer)       Turns: 100957, Time: 04:04:08

HP:   207/207 (210) AC: 22    Str: 15    XL:     26   Next: 2%
MP:   52/52         EV:  8    Int: 41    God:    Gozag
Gold: 6398          SH: 12    Dex:  7    Spells: 4/58 levels left

rFire   . . .        a - +9 rapier of Debt {heavy, rElec rCorr Str+3 SInv}
rCold   . . .        h - +0 kite shield {rF+}
rNeg    + + .        z - +4 leather armour of Experimentation {Rampage rElec Str-4 Int+9}
rPois   +            W - +0 helmet "Xoson" {rElec Regen+ Dex-3}
rElec   +            p - +0 cloak of Summer {rN+ Will+}
rCorr   +            O - +0 pair of gloves "Suniet" {rPois rF- rCorr Int+4}
SInv    +            L - +3 barding {Fly}
Will    ++...        e - amulet of magic regeneration
Stlth   +            C - ring of Birdsong {rPois rN+ rCorr MP+9}
HPRegen 1.34/turn    Z - ring of wizardry
MPRegen 0.73/turn

%: roll, wizardry (x1)
@: flying, studying Maces & Flails, lightly drained
A: large, deformed body, tough skin 3, armoured tail, roll 2, long tongue,
hooves 1, iridescent scales 1, strong 1, inability to read after injury 1
0: Orb of Zot
}: 4/15 runes: decaying, serpentine, slimy, abyssal
a: Renounce Religion, Potion Petition, Call Merchant, Bribe Branch


You escaped.
You worshipped Gozag.
Gozag was greatly pleased with you.
You visited 12 branches of the dungeon, and saw 53 of its levels.
You visited the Abyss 1 time.
You also visited: Ice Cave and Desolation.

You collected 30306 gold pieces.
You spent 9741 gold pieces at shops.
You paid 14167 gold pieces to Gozag.


Innate Abilities, Weirdness & Mutations

Armour fits poorly on your strangely shaped body.
You have extremely tough skin. (AC +3)
You have a long armoured tail.
You roll and regenerate health when moving toward enemies. (Rampage Heal)
Your long tongue fully drains potion bottles. (2x potion effects)
You have large cloven feet.
You are partially covered in iridescent scales. (AC +2)
Your muscles are strong. (Str +4, Int/Dex -1)
You occasionally lose the ability to read scrolls when taking damage.


   Skills:
 - Level 12.0 Fighting
 - Level 4.0 Armour
 - Level 8.0 Dodging
 - Level 5.0 Stealth
 + Level 14.7 Shields
 * Level 16.8 Spellcasting
 * Level 18.4 Conjurations
 + Level 9.6 Necromancy
 * Level 14.6 Fire Magic
 - Level 14.0 Ice Magic
 - Level 14.0 Air Magic
 - Level 10.0 Earth Magic
 + Level 14.1 Evocations
 + Level 10.9 Shapeshifting


You had 4 spell levels left.
You knew the following spells:

 Your Spells              Type           Power      Damage    Failure   Level
b - Magic Dart            Conj           100%       1d8       0%          1
c - Borgnjor's Vile Clut  Necr/Erth      43%        N/A       1%          5
l - Lee's Rapid Deconstr  Erth           43%        3d21*     1%          5
m - Maxwell's Capacitive  Air            50%        ∞         16%         8
n - Dispel Undead         Necr           85%        3d27      1%          4
s - Ignition              Fire           50%        3d14      12%         8
v - Airstrike             Air            50%        2d(8-24)  1%          4
x - Plasma Beam           Fire/Air       50%        2x1d65    1%          6
z - Ozocubu's Refrigerat  Ice            49%        4d18      1%          7
X - Bombard               Conj/Erth      50%        9d8       1%          6

Your spell library contained the following spells:

 Spells                   Type           Power      Damage    Failure   Level
 Freeze                   Ice            100%       1d10      0%          1
 Kiss of Death            Conj/Necr      100%       2d13      0%          1
 Shock                    Conj/Air       100%       1d9       0%          1
 Searing Ray              Conj           100%       2d8       0%          2
 Static Discharge         Conj/Air       100%       3-8/arc   0%          2
 Frozen Ramparts          Ice            100%       1d16      0%          3
 Hailstorm                Conj/Ice       100%       3d20      0%          3
 Ozocubu's Armour         Ice            99%        N/A       0%          3
 Stone Arrow              Conj/Erth      100%       3d13      0%          3
 Swiftness                Air            100%       N/A       0%          3
 Flame Wave               Conj/Fire      100%       2d21      0%          4
 Sticky Flame             Conj/Fire      100%       2d11      0%          4
 Necrotise                Necr           100%       1d9       1%          1
 Sandblast                Erth           100%       2d20      1%          1
 Slow                     Hex            100%       N/A       1%          1
 Blink                    Tloc           68%        N/A       1%          2
 Call Imp                 Summ           68%        N/A       1%          2
 Cigotuvi's Dreadful Rot  Necr/Pois/Air  100%       N/A       1%          2
 Ensorcelled Hibernation  Hex/Ice        100%       N/A       1%          2
 Lesser Beckoning         Tloc           68%        N/A       1%          2
 Momentum Strike          Conj/Tloc      100%       3d10      1%          2
 Passwall                 Tmut/Erth      55%        N/A       1%          2
 Sublimation of Blood     Necr           85%        N/A       1%          2
 Wereblood                Tmut           34%        N/A       1%          2
 Dazzling Flash           Conj/Hex       100%       N/A       1%          3
 Ignite Poison            Fire/Tmut/Pois 65%        N/A       1%          3
 Inner Flame              Hex/Fire       76%        N/A       1%          3
 Mephitic Cloud           Conj/Pois/Air  89%        N/A       1%          3
 Vampiric Draining        Necr           85%        2d12      1%          3
 Volatile Blastmotes      Fire/Tloc      100%       2d18      1%          3
 Anguish                  Hex/Necr       32%        N/A       1%          4
 Animate Armour           Summ/Erth      100%       N/A       1%          4
 Brom's Barrelling Bould  Conj/Erth      100%       2d11      1%          4
 Fulminant Prism          Conj/Hex       42%        3d19      1%          4
 Iskenderun's Mystic Bla  Conj/Tloc      84%        2d17      1%          4
 Leda's Liquefaction      Hex/Erth       33%        N/A       1%          4
 Petrify                  Tmut/Erth      66%        N/A       1%          4
 Summon Ice Beast         Ice/Summ       75%        N/A       1%          4
 Summon Lightning Spire   Summ/Air       75%        N/A       1%          4
 Call Canine Familiar     Summ           34%        N/A       2%          3
 Confusing Touch          Hex            34%        N/A       2%          3
 Gell's Gravitas          Tloc           34%        N/A       2%          3
 Sigil of Binding         Hex            34%        N/A       2%          3
 Teleport Other           Tloc           34%        N/A       2%          3
 Cause Fear               Hex            17%        N/A       8%          4
 Dimensional Bullseye     Hex/Tloc       17%        N/A       8%          4
 Manifold Assault         Tloc           34%        N/A       8%          4
 Olgreb's Toxic Radiance  Pois           34%        N/A       8%          4
 Passage of Golubria      Tloc           34%        N/A       8%          4
 Agony                    Necr           85%        N/A       1%          5
 Fireball                 Conj/Fire      53%        3d21      1%          5
 Freezing Cloud           Conj/Ice/Air   52%        6-21      1%          5
 Irradiate                Conj/Tmut      42%        3d25      1%          5
 Iskenderun's Battlesphe  Conj           100%       2d15      1%          5
 Metabolic Englaciation   Hex/Ice        37%        N/A       1%          5
 Silence                  Hex/Air        37%        N/A       1%          5
 Conjure Ball Lightning   Conj/Air       53%        3x3d18    1%          6
 Orb of Destruction       Conj           55%        9d14      1%          7
 Death Channel            Necr           42%        N/A       2%          6
 Spellforged Servitor     Conj/Summ      42%        N/A       14%         7
 Lehudib's Crystal Spear  Conj/Erth      50%        10d12     14%         8
 Alistair's Intoxication  Tmut/Pois      22%        N/A       21%         5
 Summon Forest            Summ/Tloc      17%        N/A       21%         5
 Summon Mana Viper        Hex/Summ       34%        N/A       21%         5
 Fire Storm               Conj/Fire      53%        8d13      58%         9
 Chain Lightning          Conj/Air       53%        3d70      63%         9
 Infestation              Necr           42%        N/A       65%         8
 Dispersal                Tloc           17%        N/A       69%         6
 Eringya's Noxious Bog    Tmut/Pois      17%        4d6       69%         6
 Summon Cactus Giant      Summ           17%        N/A       69%         6
 Polar Vortex             Ice            49%        12d6*     90%         9
 Enfeeble                 Hex            17%        N/A       99%         7
 Monstrous Menagerie      Summ           17%        N/A       99%         7
 Summon Hydra             Summ           17%        N/A       99%         7
 Discord                  Hex            17%        N/A       100%        8
 Disjunction              Tloc           17%        N/A       100%        8
 Summon Horrible Things   Summ           17%        N/A       100%        8
 Dragon's Call            Summ           17%        N/A       100%        9
 Shatter                  Erth           43%        3d33*     100%        9
 Animate Dead             Necr           Unusable   N/A       N/A         4
 Simulacrum               Ice/Necr       Unusable   N/A       N/A         6

Inventory:

Hand Weapons
 a - the +9 rapier of Debt (weapon) {heavy, rElec rCorr Str+3 SInv}
   (You bought it in a shop on level 1 of the Elven Halls)

   Str+3:     It affects your strength (+3).
   rElec:     It insulates you from electricity.
   SInv:      It lets you see invisible.
   rCorr:     It protects you from acid and corrosion.
 b - the +9 staff of Olgreb {rPois∞}
   (You found it on level 15 of the Dungeon)

   Radiate:   It can be activated via the 'a'bility menu to radiate toxic
   energy, with effectiveness depending on Evocations skill.
   Pois:      It enhances your poison magic.
   rPois∞: It grants immunity to poison.
 I - the +8 sling of Conservatism {flame, Will++ Int+3}
   (You found it on level 3 of the Elven Halls)

   Int+3:     It affects your intelligence (+3).
   Will++:    It greatly increases your willpower.
Missiles
 M - 15 curare-tipped darts {=f}
Armour
 h - a +0 kite shield of fire resistance (worn)
 p - the +0 cloak of Summer (worn) {rN+ Will+}
   (You bought it in a shop on level 2 of the Snake Pit)

   rN+:       It protects you from negative energy.
   Will+:     It increases your willpower.
 q - the +10 Black Knight's barding {ponderous, rPois rN+}
   (You found it in the Desolation of Salt)

   rPois:     It protects you from poison rN+: It protects you from negative
   energy.
 z - the +4 leather armour of Experimentation (worn) {Rampage rElec Str-4 Int+9}
   (You bought it in a shop on level 1 of the Lair of Beasts)

   Str-4:     It affects your strength (-4).
   Int+9:     It affects your intelligence (+9).
   rElec:     It insulates you from electricity.
   Rampage:   It bestows one free step when moving towards enemies.
 L - a +3 barding of flying (worn)
 O - the +0 pair of gloves "Suniet" (worn) {rPois rF- rCorr Int+4}
   (You found it on level 5 of the Pits of Slime)

   Int+4:     It affects your intelligence (+4).
   rF-:       It makes you vulnerable to fire.
   rPois:     It protects you from poison rCorr: It protects you from acid and
   corrosion.
 P - the -2 hat of the Alchemist {rElec rPois rF+ rC+ rN+ Will+ rMut rCorr}
   (You found it on level 5 of the Pits of Slime)

   rF+:       It protects you from fire.
   rC+:       It protects you from cold.
   rElec:     It insulates you from electricity.
   rPois:     It protects you from poison rN+: It protects you from negative
   energy.
   Will+:     It increases your willpower.
   rCorr:     It protects you from acid and corrosion.
   rMut:      It protects you from mutation.
 W - the +0 helmet "Xoson" (worn) {rElec Regen+ Dex-3}
   (You bought it in a shop on level 2 of the Orcish Mines)

   Dex-3:     It affects your dexterity (-3).
   rElec:     It insulates you from electricity.
   Regen+:    It increases your rate of health regeneration.
Jewellery
 e - an amulet of magic regeneration (around neck)
 g - an amulet of regeneration
 k - the ring "Sadwouz" {rC+ Str+3 Stlth+}
   (You found it in the Desolation of Salt)

   [ring of protection from cold]

   Str+3:     It affects your strength (+3).
   rC+:       It protects you from cold.
   Stlth+:    It makes you more stealthy.
 C - the ring of Birdsong (left hand) {rPois rN+ rCorr MP+9}
   (You took it off an ironbound thunderhulk on level 4 of the Vaults)

   [ring of magical power]

   rPois:     It protects you from poison rN+: It protects you from negative
   energy.
   MP+9:      It affects your magic capacity (+9).
   rCorr:     It protects you from acid and corrosion.
 Z - a ring of wizardry (right hand)
Talismans
 N - a talisman of death
Wands
 t - a wand of paralysis (28)
 u - a wand of light (10)
 v - a wand of mindburst (11)
 F - a wand of iceblast (22)
 X - a wand of polymorph (37)
 Y - a wand of digging (23)
Scrolls
 d - 11 scrolls of vulnerability {!r}
 f - 15 scrolls of amnesia
 l - 4 scrolls of immolation {!r}
 m - 4 scrolls of blinking
 n - 7 scrolls of fog
 w - a scroll of revelation
 x - 7 scrolls of fear
 y - 4 scrolls of butterflies
 D - 2 scrolls of enchant armour
 E - 11 scrolls of enchant weapon
 H - 7 scrolls of poison {!r}
 J - 3 scrolls of teleportation {@r4}
Potions
 c - 11 potions of brilliance
 j - 12 potions of might
 o - 6 potions of cancellation
 B - 6 potions of magic
 G - 2 potions of haste {@q3}
 K - 3 potions of ambrosia
 S - 10 potions of curing {@q1}
 T - 13 potions of heal wounds {@q2}
 U - 7 potions of resistance
 V - 5 potions of enlightenment
Miscellaneous
 i - a box of beasts (inert)
 r - a lightning rod (2/4)
 s - a phantom mirror (inert)
 A - a condenser vane
 R - a phial of floods (inert)

Dungeon Overview and Level Annotations

Branches:
Dungeon (15/15)            Temple (1/1) D:7            Lair (5/5) D:9
  Swamp (4/4) Lair:2        Snake (4/4) Lair:2        Slime (5/5) Lair:5
    Orc (2/2) D:10            Elf (3/3) Orc:2        Vaults (4/5) D:14
  Crypt (1/3) Vaults:3     Depths (4/4) D:15            Zot (5/5) Depths:4
  IceCv (visited)         Desolation (visited)

Altars:
Ashenzari
Cheibriados
Dithmenos
Elyvilon
Fedhas
Gozag
Hepliaklqana
Kikubaaqudgha
Makhleb
Nemelex Xobeh
Okawaru
Qazlal
Ru
Sif Muna
Trog
Uskayaw
Vehumet
Wu Jian
Xom
Yredelemnul
Zin
The Shining One

Shops:
D:1 (   D:4 **   D:7 :   D:10 =*:?   D:15 *   Orc:1 [   Orc:2 *[*=:[   Elf:1 !(
Elf:2 (   Elf:3 *   Lair:1 [   Snake:2 [=!   Vaults:4 (   Depths:3 :

Portals:
Hell: Depths:1 Depths:2 Depths:3 Depths:4
Abyss: Depths:1 Depths:3 Depths:4
Pandemonium: Depths:2
Ziggurat: Depths:3

Annotations:
D:15 1 runed translucent door
Lair:1 1 exclusion
Swamp:3 2 transporters, Ruqos's ghost, adept MiBe
Elf:2 3 runed translucent doors, Agnes
Depths:1 3 runed translucent doors, Jajuenucs's ghost, veteran GnWn
Depths:3 2 transporters, Rutraf's ghost, veteran DEHs

.......####................##....
.......#....##.###.###.....##..##
#........#####.....# #...#.......
#......### ###.#.#.###.#.####..##
.......## #.........#...........
........####.#.#.#.#.###>...#.###
....)..........#.#.......#.∩....#
.......###.#.###.###.#.#.#..#.#.#
.......# #......@......#.#..#.#.#
.......###.#.###.###.#.#.#..#.#.#
.####.###......#.#.......#..#.#..
.###..# ####.#.#.#.#.###........#
.##...# #.........#.....##.#.#
##....########.#.#.###.#..###.#..
#...........##.....##............
#..♣♣..####.##.###.##..######.###
##....## #.########...# #.# #


There were no monsters in sight!


Message History

The fiery plasma hits the blizzard demon.
The blizzard demon is burned terribly!
The blizzard demon is severely wounded.
Casting: Plasma Beam (mildly dangerous; 1% risk of failure)
Confirm with . or Enter, or press ? or * to list all spells.
Casting: Plasma Beam (mildly dangerous; 1% risk of failure)
Press: ? - help, Dir - look around, f - activate The bolt of lightning misses the blizzard demon.
The fiery plasma hits the blizzard demon!!!!
The blizzard demon is burned terribly!
You kill the blizzard demon!
Unknown command.
HP restored.
Magic restored.
A reaper comes into view. It is wielding a +2 vampiric scythe.
You can't go up here!
Unknown command.
There is a stone staircase leading up here.
You block the reaper's attack.
You fly upwards.
There is a stone staircase leading down here.
Unknown command.
There is a stone staircase leading up here.
You fly upwards.
There is a stone staircase leading down here.
Press: ? - help, . - travel You can't see that place. [a staircase leading out of the dungeon.]
There is a staircase leading out of the dungeon here.
You have escaped!

Skill      XL: |  1  2  3  4  5  6  7  8  9 10 11 12 13 14 15 16 17 18 19 20 21 22 23 24 25 |
---------------+----------------------------------------------------------------------------+-----
Spellcasting   | 2 3 4 5 6 7 8 9 10 11 12 13 14 15 16 | 16.8
Conjurations   | 4 5 6 7 8 9 10 11 12 13 14 15 16 17 18 | 18.4
Air Magic      | 1 2 3 5 6 7 8 9 10 11 12 13 14 | 14.0
Fighting       | 1 2 3 4 5 6 7 8 9 10 11 12 | 12.0
Evocations     | 1 2 3 4 5 6 7 8 9 10 11 12 13 14 | 14.1
Ice Magic      | 1 3 5 6 7 8 9 10 11 12 13 14 | 14.0
Shields        | 1 3 4 5 6 7 8 9 10 11 12 13 14 | 14.7
Earth Magic    | 2 4 5 6 7 8 9 10 | 10.0
Shapeshifting  | 1 2 3 4 5 6 7 8 9 10 | 10.9
Fire Magic     | 2 4 5 6 7 8 9 10 11 12 13 14 | 14.6
Armour         | 2 4 |  4.0
Dodging        | 2 3 4 5 6 7 8 |  8.0
Necromancy     | 1 3 4 5 6 7 8 9 |  9.6
Stealth        | 4 5 |  5.0

Action                     |  1- 3 |  4- 6 |  7- 9 | 10-12 | 13-15 | 16-18 | 19-21 | 22-24 | 25-27 || total
---------------------------+-------+-------+-------+-------+-------+-------+-------+-------+-------++-------
  Melee: Unarmed           |    11 |       |       |       |       |       |       |       |       ||    11
         Morningstar       |     8 |    17 |    17 |       |       |       |       |       |       ||    42
         Dagger            |     5 |       |       |   117 |   213 |       |       |       |       ||   335
         Tailslap          |     3 |     1 |    12 |    19 |    45 |     7 |    42 |    18 |     2 ||   149
         Flail             |       |       |    63 |     6 |       |       |    58 |     6 |       ||   133
         Punch             |       |       |     2 |       |       |       |       |       |       ||     2
         Eveningstar       |       |       |       |       |     9 |       |       |       |       ||     9
         Staff             |       |       |       |       |     1 |    42 |    41 |     2 |       ||    86
         Trident           |       |       |       |       |       |       |    60 |       |       ||    60
         Rapier            |       |       |       |       |       |       |       |    92 |     5 ||    97
         Peck              |       |       |       |       |       |       |       |     1 |     1 ||     2
   Fire: Sling             |       |       |       |       |       |       |       |     2 |       ||     2
  Throw: Dart              |       |       |       |    22 |    21 |       |     1 |       |       ||    44
   Cast: Magic Dart        |    53 |    55 |    37 |     4 |     5 |     1 |       |     2 |       ||   157
         Static Discharge  |     2 |     6 |   101 |   191 |    85 |       |       |       |       ||   385
         Searing Ray       |     1 |     5 |     7 |     6 |       |       |       |     1 |       ||    20
         Airstrike         |       |       |       |   140 |   519 |    18 |    23 |    35 |       ||   735
         Plasma Beam       |       |       |       |     1 |   119 |   355 |   518 |   398 |   135 ||  1526
         Lee's Rapid Decon |       |       |       |       |     6 |     2 |    34 |    29 |       ||    71
         Ozocubu's Refrige |       |       |       |       |       |   249 |   126 |   396 |    12 ||   783
         Bombard           |       |       |       |       |       |     2 |    16 |    65 |    20 ||   103
         Dispel Undead     |       |       |       |       |       |       |     8 |    11 |     9 ||    28
         Maxwell's Capacit |       |       |       |       |       |       |       |    18 |    31 ||    49
         Ignition          |       |       |       |       |       |       |       |     1 |       ||     1
 Invoke: Call Merchant     |       |       |       |       |     1 |     2 |     5 |     2 |       ||    10
         Potion Petition   |       |       |       |       |       |       |     1 |     2 |       ||     3
  Evoke: Wand              |       |     2 |     4 |    17 |    35 |    10 |     9 |    29 |     7 ||   113
         Lightning rod     |       |       |       |       |    11 |    11 |    12 |    11 |     4 ||    49
         Condenser vane    |       |       |       |       |     4 |     1 |     1 |     2 |       ||     8
         Box of beasts     |       |       |       |       |     4 |     3 |     2 |     3 |     1 ||    13
         Phantom mirror    |       |       |       |       |     3 |     3 |       |     2 |     1 ||     9
         Phial of floods   |       |       |       |       |       |       |       |     1 |     1 ||     2
    Use: Potion            |       |     6 |       |     2 |     1 |       |     2 |    13 |    11 ||    35
         Scroll            |       |       |    12 |     7 |    12 |     6 |     3 |    15 |     3 ||    58
   Stab: Sleeping          |     2 |     1 |     7 |     2 |     1 |       |       |     2 |       ||    15
         Paralysed         |       |       |     5 |    12 |    44 |     4 |     4 |     1 |     3 ||    73
         Distracted        |       |       |     1 |       |       |       |     1 |       |       ||     2
         Invisible         |       |       |       |       |     2 |       |     1 |       |       ||     3
 Armour: Robe              |    20 |    48 |   290 |   451 |       |       |       |       |       ||   809
         Skin              |       |    12 |       |     9 |       |     4 |       |       |       ||    25
         Leather armour    |       |       |       |    73 |   477 |   408 |   567 |   707 |    98 ||  2330
  Dodge: Dodged            |    14 |    21 |    95 |   132 |   127 |    51 |   117 |   140 |    22 ||   719
  Block: Buckler           |       |       |       |    32 |    71 |    43 |       |       |       ||   146
         Kite shield       |       |       |       |       |       |    59 |   241 |   300 |    26 ||   626

Levels and vault maps discovered:
D:1:      roderic_chinese_lattice_arrival, layout_basic, serial_shops, shop,
          serial_park_tiny_1
D:2:      layout_basic
D:3:      layout_basic, nicolae_hepliaklqana_hazy_memory,
          hellmonk_ecumenical_altar_defaced_shrine
D:4:      layout_loops_ring, trog_hazing_becter, chequers_jeans,
          serial_bayou_pond_a, nrook_mini_backslash, nicolae_specific_store,
          uniq_crazy_yiuf_cottage, uniq_eustachio
D:5:      layout_loops_corners, mainiacjoe_overflow_tiny_flanked, uniq_edmund
D:6:      minmay_polygon_palace, layout_basic, nicolae_overflow_hidden_temple,
          nrook_uturn, amcnicky_mini_pool_small
D:7:      layout_gridville, nicolae_vehumet_radiance, general_overflow_altar,
          minmay_temple_entry_hall, serial_shops, kennysheep_little_box
D:8:      layout_rooms, uniq_grum
D:9:      layout_loops_corners, yredelemnul_altar_generic,
          hellmonk_lair_entry_icy
D:10:     layout_long_grid, nicolae_dithmenos_shadow_blocks, erik_orc_1,
          kennysheep_flooded_box, lemuel_flamethrower_2
D:11:     layout_loops_cross, bh_hangedman_babel_library
D:12:     layout_basic, hellmonk_okawaru_the_only_friend_you_need
D:13:     layout_basic
D:14:     layout_roguey, erik_vaults_1, minmay_misc_feat_pillars
D:15:     gammafunk_enter_depths_forms, layout_cross, serial_glass,
          glass_columns_a, glass_columns_a,
          minmay_guarded_unrand_staff_of_olgreb, uniq_nessos, uniq_azrael
Temple:   hc_temple_tempest_star
Lair:1:   layout_hall_layers, lemuel_old_faithful
Lair:2:   gammafunk_lair_enchanted_lake, layout_cave_pods,
          mainiacjoe_swamp_entry_lozenge_pond, nicolae_snake_entry_squirm,
          serial_bayou_shore_b
Lair:3:   layout_hall_layers
Lair:4:   layout_gridlike, minivault_25, lemuel_fruit_fields
Lair:5:   minmay_lair_end_frog_pond, layout_regular_city,
          dpeg_slime_entry_corner
Swamp:1:  layout_basic_swamp, nicolae_swamp_dense_foliage, st_shrine_of_shade,
          uniq_louise, uniq_kirke
Swamp:2:  gammafunk_mikee_crab_dinner, layout_falls_marsh,
          evilmike_swamp_ruin_rubble_1, swamp_pool_1_2,
          nicolae_swamp_super_fun_site
Swamp:3:  layout_basic_swamp, gammafunk_ghost_mausoleum, serial_swamp_ruin,
          evilmike_swamp_ruin_house_5, evilmike_swamp_ruin_house_1,
          nicolae_swamp_decorative_isthmus, uniq_bai_suzhen
Swamp:4:  swamp_old_school, layout_basic_swamp,
          portal_ice_cave_entry_pillars_three, swamp_pool_4
Snake:1:  layout_misc_corridors, uniq_frances
Snake:2:  nicolae_snake_nest, layout_honeycomb, serial_shops, shop, basic_altar,
          uniq_aizul, uniq_vashnia
Snake:3:  layout_onion_interference, nicolae_snake_omega, uniq_saint_roka
Snake:4:  hellmonk_snake_rune_quicksilver_temple, layout_cave_town,
          gammafunk_ghost_split, serial_library_hellmonk_hallway_a,
          st_stairs_12, grunt_ministairs_13, lemuel_fruit_tree
Slime:1:  layout_caves
Slime:2:  layout_caves
Slime:3:  layout_caves, cheibrodos_slime_lost_civilization_5
Slime:4:  layout_caves, nicolae_slime_crime_time
Slime:5:  slime_pit_nicolae_jellycorners
Orc:1:    layout_caves, serial_shops, shop, nicolae_orc_lava_tube,
          minmay_orc_temple_b, uniq_erolcha, uniq_harold, uniq_nergalle
Orc:2:    st_orc_town, layout_diamond_mine, uniq_urug, uniq_maurice
Elf:1:    nicolae_elf_arrival_aired_out, layout_gridlike, special_room
          [special_room_orc], hangedman_elf_represent, minmay_shoptagon
Elf:2:    elven_hall_of_blades_hangedman_original
          [nicolae_vaults_blade_armed_guards], layout_loops_cross, serial_shops,
          nicolae_stop_n_shop_1, lemuel_elevator, uniq_agnes
Elf:3:    grunt_elf_hall_spiral, layout_gridlike, nicolae_shop_overcharged_wands
Vaults:1: nicolae_vaults_what_the_h, v_misc_13,
          nicolae_vaults_doubleplus_tesselated, nicolae_vaults_stepped_doors,
          ontoclasm_vaults_chip, nicolae_vaults_little_squares_1,
          layout_vaults_quadrants
Vaults:2: hangedman_vaults_locks, v_misc_16,
          nicolae_vaults_trapezoid_lopsided_1, v_pattern_4, v_rooms_1,
          nicolae_vaults_tangram_1, grunt_vaults_swirl,
          nicolae_vaults_three_branches, v_misc_2, layout_vaults_big_room,
          uniq_margery
Vaults:3: mu_enter_wizlab_3, nicolae_vaults_offset_grid_hallway_4,
          nicolae_vaults_tetromino_T_1, v_misc_5, v_misc_13,
          nicolae_vaults_sealed_display, nicolae_vaults_rhombus_5,
          minmay_crypt_entry_necro_gods, nicolae_vaults_double_plus_2,
          vaults_room_fancy_cross, nicolae_vaults_house_3, v_misc_9,
          nicolae_vaults_specimen_jars, nicolae_vaults_security_offices_4,
          layout_vaults_ring
Vaults:4: portal_desolation_entry_twin_temple, nicolae_vaults_c_with_doors,
          v_rooms_5, vaults_dpeg_encased_lava, v_misc_16,
          hangedman_vaults_slice, hangedman_vaults_corner_blocks,
          vaults_standard_mumra_lines, nicolae_vaults_closet_pinwheel_1,
          v_misc_29, v_misc_9, nicolae_vaults_little_squares_4,
          layout_vaults_big_cross, serial_shops, shop
Crypt:1:  layout_chaotic_city, st_stairs_1, serial_sigils_hangedman_gnaw,
          lemuel_statue_altar, grunt_crypt_arrival_guarded_gate
Depths:1: layout_honeycomb, abyss_entry, hellmonk_ghost_time_enough, hell_entry,
          lemuel_crystal_altar, nicolae_rejected_hall
Depths:2: minmay_central_circle, layout_gridlike, minmay_misc_feat_chi,
          rand_demon_pan_entry_8, pf_coc_iceberg, uniq_enchantress
Depths:3: minmay_firetagon, layout_basic, enter_ziggurat_b,
          pdpol_wu_jian_five_deadly_venoms, gammafunk_ghost_berserking_beasts,
          hangedman_abyss_entry_splay, grunt_hell_entry_dis_mu, fountainhead,
          nicolae_shop_i_like_big_books, hex_medium,
          infiniplex_staircase_split_hallway, uniq_norris
Depths:4: grunt_crosshair, layout_gridlike, serial_co_window_serial,
          co_window_paths_a, co_window_of_opportunity_a, co_window_paths_a,
          co_window_corner_a, co_window_cross_1, co_window_broadway_b,
          co_window_unsneaky_path_d, co_window_2corner, co_window_corner_cb,
          glass_columns_c, glass_columns_a, hell_entry, abyss_entry,
          eino_curves_02
Zot:1:    layout_gridlike, regret_index_zotdec_slimy_original
Zot:2:    layout_gridlike, zot_minivault_5
Zot:3:    regret_index_qazlal_generations, layout_misc_corridors
Zot:4:    layout_onion_interference, regret_index_zotdec_fiery_em, st_stairs_2,
          st_large_dragon_hoard_1
Zot:5:    layout_misc_corridors

Notes
Turn   | Place    | Note
-------+----------+-------------------------------------------
     0 | D:1      | Jeffwins the Armataur Conjurer began the quest for the Orb.
     0 | D:1      | Reached XP level 1. HP: 14/14 MP: 3/3
   115 | D:1      | Found Mozucw's Antique Weapon Emporium.
   184 | D:1      | Reached skill level 2 in Spellcasting
   208 | D:1      | Reached XP level 2. HP: 15/20 MP: 1/5
   479 | D:1      | Reached skill level 4 in Conjurations
  1071 | D:2      | Learned a level 2 spell: Searing Ray
  1074 | D:2      | Learned a level 2 spell: Static Discharge
  1147 | D:2      | Reached XP level 3. HP: 26/26 MP: 2/6
  1829 | D:3      | Reached skill level 1 in Air Magic
  1829 | D:3      | Reached XP level 4. HP: 34/34 MP: 3/8
  2239 | D:3      | Found a hazy altar of Hepliaklqana.
  2708 | D:3      | Found a faded altar of an unknown god.
  3092 | D:3      | Reached skill level 1 in Fighting
  3315 | D:4      | Reached skill level 3 in Spellcasting
  3315 | D:4      | Reached XP level 5. HP: 17/40 MP: 3/9
  3317 | D:4      | Reached skill level 2 in Air Magic
  3319 | D:4      | HP: 4/40 [poisoned by a killer bee]
  3331 | D:4      | Reached XP level 6. HP: 39/47 MP: 6/10
  3647 | D:4      | Reached skill level 1 in Evocations
  3939 | D:4      | Noticed Eustachio
  3952 | D:4      | Killed Eustachio
  3953 | D:4      | Reached skill level 5 in Conjurations
  3956 | D:4      | Gained mutation: You roll and regenerate health when moving
                  | toward enemies. (Rampage Heal) [Armataur growth]
  3956 | D:4      | Reached XP level 7. HP: 32/53 MP: 0/12
  4083 | D:4      | Reached skill level 2 in Fighting
  4083 | D:4      | Reached skill level 3 in Air Magic
  4090 | D:4      | Reached skill level 4 in Spellcasting
  4232 | D:4      | Learned a level 4 spell: Airstrike
  4391 | D:4      | Reached skill level 2 in Evocations
  4546 | D:4      | Found a bloodstained altar of Trog.
  4861 | D:4      | Found a runed translucent door.
  4862 | D:4      | Noticed Crazy Yiuf
  4875 | D:4      | Found Roreaxoi's General Store.
  4879 | D:4      | Found Syoho's Specific Store.
  5001 | D:4      | Killed Crazy Yiuf
  5096 | D:5      | Entered Level 5 of the Dungeon
  5243 | D:5      | Noticed Edmund
  5251 | D:5      | Killed Edmund
  5259 | D:5      | HP: 5/56 [poisoned by Edmund]
  5557 | D:5      | Identified the +9 dagger "Daocet" {freeze, rC- Str+3 Int+2}
  5605 | D:5      | Found a shimmering blue altar of Sif Muna.
  5747 | D:5      | Reached XP level 8. HP: 51/62 MP: 7/14
  6342 | D:6      | Reached skill level 4 in Air Magic
  6431 | D:6      | Reached skill level 6 in Conjurations
  6603 | D:6      | Found a stormy altar of Qazlal.
  6868 | D:6      | Reached skill level 3 in Fighting
  7007 | D:6      | Reached skill level 5 in Spellcasting
  7007 | D:6      | Reached skill level 3 in Evocations
  7478 | D:6      | Reached skill level 5 in Air Magic
  7478 | D:6      | Reached XP level 9. HP: 12/70 MP: 2/17
  7983 | D:7      | Found a staircase to the Ecumenical Temple.
  7994 | Temple   | Entered the Ecumenical Temple
  8067 | D:7      | Reached skill level 7 in Conjurations
  8085 | Temple   | Became a worshipper of Gozag Ym Sagoz the Greedy
  8194 | D:7      | Found a snail-covered altar of Cheibriados.
  8258 | D:7      | Reached skill level 4 in Fighting
  8258 | D:7      | Reached skill level 4 in Evocations
  8367 | D:7      | Found Nosocamo's Book Shop.
  8410 | D:7      | Found a radiant altar of Vehumet.
  8497 | D:7      | Reached skill level 6 in Spellcasting
  8898 | D:6      | Reached skill level 6 in Air Magic
  9282 | D:6      | Reached skill level 1 in Ice Magic
  9459 | D:6      | Reached XP level 10. HP: 80/80 MP: 11/19
  9658 | D:6      | Found an ornate altar of the Wu Jian Council.
  9658 | D:6      | Found a sacrificial altar of Ru.
  9827 | D:8      | Noticed a two-headed ogre
  9838 | D:8      | Killed a two-headed ogre
 10058 | D:8      | Reached skill level 2 in Ice Magic
 10276 | D:8      | Identified the +0 pair of gloves "Qydd" {-Cast rElec Will+
                  | Slay+2}
 10292 | D:8      | Noticed Grum
 10298 | D:8      | Killed Grum
 10299 | D:8      | Reached skill level 8 in Conjurations
 10747 | D:9      | Found a basalt altar of Yredelemnul.
 10884 | D:1      | Bought a transparent dagger for 168 gold pieces
 10884 | D:1      | Identified the +6 dagger "Kulest" {drain, rN+ SInv} (You
                  | bought it in a shop on level 1 of the Dungeon)
 10884 | D:1      | Bought a jewelled war axe for 204 gold pieces
 10884 | D:1      | Identified the +7 war axe "Lifebane" {flame, +Blink Str-3
                  | SInv} (You bought it in a shop on level 1 of the Dungeon)
 10974 | D:4      | Bought a scroll of fear for 44 gold pieces
 10974 | D:4      | Bought a potion of brilliance for 44 gold pieces
 10974 | D:4      | Bought a scroll of teleportation for 33 gold pieces
 10974 | D:4      | Bought a wand of paralysis (12) for 316 gold pieces
 11565 | D:9      | You fall into a shaft and drop 3 floors!
 11578 | D:12     | Noticed a brown ugly thing
 11646 | D:11     | Reached skill level 7 in Spellcasting
 11688 | D:11     | Reached skill level 3 in Ice Magic
 11688 | D:11     | Reached skill level 5 in Evocations
 11696 | D:11     | Noticed a deep elf pyromancer
 11705 | D:11     | Killed a deep elf pyromancer
 11706 | D:11     | Reached skill level 1 in Shields
 11706 | D:11     | Reached skill level 7 in Air Magic
 11724 | D:11     | Noticed an arcanist
 11728 | D:11     | Killed an arcanist
 11729 | D:11     | Reached skill level 5 in Fighting
 11860 | D:10     | Entered Level 10 of the Dungeon
 12010 | D:10     | Found a shadowy altar of Dithmenos.
 12069 | D:9      | Noticed a two-headed ogre
 12074 | D:9      | Killed a two-headed ogre
 12090 | D:9      | Reached XP level 11. HP: 64/86 MP: 13/21
 12292 | D:9      | Reached skill level 2 in Shields
 12632 | D:9      | Found a staircase to the Lair.
 12663 | D:9      | Reached skill level 4 in Ice Magic
 13174 | D:9      | HP: 6/88 [acid dragon/splash of acid (23)]
 13699 | D:10     | Learned a level 5 spell: Lee's Rapid Deconstruction
 14318 | D:10     | Found a staircase to the Orcish Mines.
 14326 | D:10     | Reached skill level 1 in Earth Magic
 15241 | D:11     | Reached skill level 9 in Conjurations
 15320 | D:11     | Noticed a boulder beetle
 15332 | D:11     | Killed a boulder beetle
 15460 | D:11     | Reached skill level 2 in Earth Magic
 15607 | D:11     | Reached skill level 3 in Shields
 15610 | D:11     | Reached skill level 8 in Air Magic
 15890 | D:11     | Noticed an arcanist
 15890 | D:11     | Noticed an arcanist
 15897 | D:11     | Killed an arcanist
 15901 | D:11     | Killed an arcanist
 16013 | D:11     | Got the Catalogue of Plaster Cramp
 16020 | D:11     | Got Kikubaaqudgha's Atlas of Axaxaxas mlö
 16053 | D:11     | Got the Spellbook of Combed Thunderclap
 16153 | D:11     | Noticed a boulder beetle
 16165 | D:11     | Killed a boulder beetle
 16166 | D:11     | Reached skill level 8 in Spellcasting
 16166 | D:11     | Reached skill level 5 in Ice Magic
 16351 | D:12     | Noticed a boulder beetle
 16366 | D:12     | Killed a boulder beetle
 16367 | D:12     | Reached skill level 1 in Shapeshifting
 16516 | D:12     | Reached XP level 12. HP: 95/95 MP: 7/24
 16519 | D:12     | Reached skill level 6 in Evocations
 16765 | D:12     | Noticed a two-headed ogre
 16772 | D:12     | Killed a two-headed ogre
 16773 | D:12     | Reached skill level 3 in Earth Magic
 16793 | D:12     | Identified the +1 trident "Kerchy Wiawn" {venom, rPois
                  | rC+++ Str+3 Dex-3}
 17074 | D:12     | Noticed a boulder beetle
 17084 | D:12     | Killed a boulder beetle
 17747 | D:12     | Reached skill level 6 in Fighting
 17750 | D:12     | Reached skill level 4 in Shields
 17943 | D:12     | Found an iron altar of Okawaru.
 18045 | Lair:1   | Entered Level 1 of the Lair of Beasts
 18429 | Lair:1   | Learned a level 6 spell: Plasma Beam
 18479 | Lair:1   | Identified the +5 long sword "Ughaliup" {flame, rF+ Stlth+}
 19177 | Lair:2   | Reached skill level 2 in Shapeshifting
 19370 | Lair:2   | Reached skill level 1 in Fire Magic
 19476 | Lair:2   | Identified the +12 battleaxe of the Lame Duck {pain, Int+2}
 19677 | Lair:2   | Reached skill level 4 in Earth Magic
 19815 | Lair:2   | Found a staircase to the Snake Pit.
 19862 | Lair:2   | Noticed a boulder beetle
 19872 | Lair:2   | Killed a boulder beetle
 19873 | Lair:2   | Reached skill level 6 in Ice Magic
 19900 | Lair:2   | Noticed a four-headed hydra
 20715 | Lair:2   | Found a staircase to the Swamp.
 20770 | Lair:2   | Killed a four-headed hydra
 20923 | Lair:2   | Noticed a dire elephant
 20945 | Lair:2   | Found a runed translucent door.
 21255 | Lair:2   | Reached skill level 2 in Fire Magic
 21477 | Lair:2   | Identified the +6 flail of the Immovable Knives {antimagic,
                  | rF- Will++ Dex+6}
 21941 | Lair:2   | Reached XP level 13. HP: 103/103 MP: 13/25
 22015 | Lair:2   | Killed a dire elephant
 22016 | Lair:2   | Reached skill level 9 in Air Magic
 22187 | Lair:2   | Reached skill level 10 in Conjurations
 23549 | Lair:3   | Identified the +5 scale mail "Jext" {rPois Str+5 Int-5}
 23562 | Lair:3   | Identified a potion of resistance
 23936 | Lair:3   | Reached skill level 5 in Shields
 24090 | Lair:3   | Reached skill level 5 in Earth Magic
 24250 | Lair:3   | Identified the +1 helmet of the Silversmith {Int+6}
 24346 | Lair:2   | Reached skill level 3 in Fire Magic
 24647 | Lair:3   | Reached skill level 7 in Evocations
 25043 | Lair:4   | Reached skill level 9 in Spellcasting
 25056 | Lair:3   | Reached skill level 3 in Shapeshifting
 25190 | Lair:4   | You fall into a shaft and drop 1 floor!
 25190 | Lair:5   | Entered Level 5 of the Lair of Beasts
 25793 | Lair:5   | Reached skill level 7 in Ice Magic
 25956 | Lair:5   | Reached skill level 4 in Fire Magic
 26532 | Lair:5   | Reached XP level 14. HP: 111/111 MP: 14/27
 26941 | Lair:5   | Reached skill level 7 in Fighting
 27083 | Lair:5   | Got Toladas's Secrets of the Teacher
 27705 | Lair:4   | Reached skill level 6 in Earth Magic
 27822 | Lair:5   | Reached skill level 6 in Shields
 29590 | Lair:5   | Found a staircase to the Slime Pits.
 30247 | Orc:1    | Entered Level 1 of the Orcish Mines
 30247 | Orc:1    | Found Wiewoeshrus's Antique Armour Shop.
 30271 | Orc:1    | Bought a pair of runed gloves for 247 gold pieces
 30324 | Orc:1    | Identified a +2 robe of resistance
 30326 | Orc:1    | Paralysed by an orc sorcerer for 2 turns
 30343 | Orc:1    | Reached skill level 10 in Air Magic
 30358 | Orc:1    | Reached skill level 5 in Fire Magic
 30621 | Orc:1    | Noticed Harold
 30627 | Orc:1    | Killed Harold
 30637 | Orc:1    | Reached skill level 4 in Shapeshifting
 30638 | Orc:1    | Noticed Nergalle
 30685 | Orc:1    | Killed Nergalle
 30967 | Orc:1    | Paralysed by an orc sorcerer for 2 turns
 31109 | Orc:1    | Noticed Erolcha
 31113 | Orc:1    | Killed Erolcha
 31504 | Orc:2    | Entered Level 2 of the Orcish Mines
 31511 | Orc:2    | Noticed Maurice
 31513 | Orc:2    | Paralysed by Maurice for 4 turns
 31605 | Orc:2    | Killed Maurice
 31877 | Orc:2    | Reached skill level 11 in Conjurations
 32031 | Orc:2    | Found a staircase to the Elven Halls.
 32402 | Orc:2    | Reached skill level 8 in Evocations
 32451 | Orc:2    | Reached skill level 8 in Ice Magic
 32659 | Orc:2    | Noticed Urug
 32663 | Orc:2    | Killed Urug
 32951 | Orc:2    | Found Suyvudau's Jewellery Shop.
 32951 | Orc:2    | Found Wiczux's General Store.
 32974 | Orc:2    | Bought a potion of cancellation for 104 gold pieces
 32974 | Orc:2    | Bought a scroll of teleportation for 39 gold pieces
 32974 | Orc:2    | Bought a potion of enlightenment for 65 gold pieces
 32974 | Orc:2    | Bought a phantom mirror for 520 gold pieces
 32974 | Orc:2    | Bought a potion of might for 52 gold pieces
 32974 | Orc:2    | Bought a potion of ambrosia for 104 gold pieces
 33123 | Orc:2    | Reached XP level 15. HP: 94/118 MP: 9/28
 33430 | Orc:2    | Found Lusetuv's Armour Shop.
 33430 | Orc:2    | Found Waaluec's Book Emporium.
 34711 | D:14     | Reached skill level 7 in Earth Magic
 35542 | D:13     | Reached skill level 10 in Spellcasting
 36013 | D:14     | Found a gate to the Vaults.
 36328 | D:14     | Reached skill level 7 in Shields
 36331 | D:14     | Reached skill level 6 in Fire Magic
 36758 | D:15     | Entered Level 15 of the Dungeon
 37000 | D:15     | Found a staircase to the Depths.
 37111 | D:15     | Found a runed translucent door.
 37117 | D:15     | Found a runed translucent gate.
 37138 | D:15     | Found a runed translucent gate.
 37140 | D:15     | Found the +9 staff of Olgreb {rPois∞}
 37152 | D:15     | Found a runed translucent door.
 37191 | D:15     | Noticed an emperor scorpion
 37192 | D:15     | Found a runed translucent gate.
 37192 | D:15     | Noticed an emperor scorpion
 37192 | D:15     | Noticed an emperor scorpion
 37239 | D:15     | Noticed Nessos
 37243 | D:15     | Killed Nessos
 37352 | D:15     | Noticed Azrael
 37375 | D:15     | Killed Azrael
 37559 | D:15     | Killed an emperor scorpion
 37819 | D:15     | Killed an emperor scorpion
 37868 | D:15     | Killed an emperor scorpion
 38152 | Snake:1  | Entered Level 1 of the Snake Pit
 38412 | Lair:1   | Bought a jewelled leather armour for 203 gold pieces
 38412 | Lair:1   | Identified the +4 leather armour of Experimentation
                  | {Rampage rElec Str-4 Int+9} (You bought it in a shop on
                  | level 1 of the Lair of Beasts)
 38412 | Lair:1   | Bought a glimmering helmet for 275 gold pieces
 38412 | Lair:1   | Identified the +2 helmet of the Terrible God {Str+2} (You
                  | bought it in a shop on level 1 of the Lair of Beasts)
 38412 | Lair:1   | Bought a pair of polished gloves for 275 gold pieces
 38412 | Lair:1   | Identified the +0 pair of gloves "Dorux" {Harm} (You bought
                  | it in a shop on level 1 of the Lair of Beasts)
 38412 | Lair:1   | Bought a masterwork chain mail for 275 gold pieces
 38412 | Lair:1   | Identified the +7 chain mail of Peholat {rElec MP-9 Str+2}
                  | (You bought it in a shop on level 1 of the Lair of Beasts)
 38412 | Lair:1   | Bought a fine robe for 165 gold pieces
 38412 | Lair:1   | Identified the +0 robe of Morality {-Tele rPois rCorr} (You
                  | bought it in a shop on level 1 of the Lair of Beasts)
 38432 | Lair:1   | Learned a level 7 spell: Ozocubu's Refrigeration
 38523 | Snake:1  | Reached skill level 8 in Fighting
 38638 | Snake:1  | Reached skill level 5 in Shapeshifting
 38730 | Snake:1  | Reached skill level 9 in Ice Magic
 38730 | Snake:1  | Reached XP level 16. HP: 96/128 MP: 3/30
 38737 | Snake:1  | Noticed Frances
 39565 | Snake:1  | Killed Frances
 39761 | Snake:2  | Found Epoxtuq's Distillery.
 39770 | Snake:2  | Bought a potion of haste for 170 gold pieces
 39770 | Snake:2  | Bought a potion of heal wounds for 85 gold pieces
 39770 | Snake:2  | Bought a potion of mutation for 136 gold pieces
 39770 | Snake:2  | Bought a potion of magic for 136 gold pieces
 39770 | Snake:2  | Bought a potion of haste for 170 gold pieces
 39770 | Snake:2  | Bought a potion of curing for 51 gold pieces
 39770 | Snake:2  | Bought a potion of enlightenment for 85 gold pieces
 39816 | Snake:2  | Identified the serpent talisman of the Blizzard {rElec
                  | Will- Int+3}
 39816 | Snake:2  | Noticed Aizul
 39878 | Snake:2  | Reached skill level 11 in Air Magic
 39882 | Snake:2  | Killed Aizul
 39883 | Snake:2  | Reached skill level 8 in Earth Magic
 40290 | Snake:2  | Noticed Vashnia
 40433 | Snake:2  | Killed Vashnia
 40434 | Snake:2  | Reached skill level 7 in Fire Magic
 40615 | Snake:2  | Found a shimmering blue altar of Sif Muna.
 41078 | Snake:2  | Bought the +0 cloak of Summer {rN+ Will+} for 276 gold
                  | pieces
 41829 | Snake:2  | Reached skill level 12 in Conjurations
 42068 | Snake:3  | Reached skill level 1 in Armour
 42337 | Snake:3  | Reached skill level 8 in Shields
 42435 | Snake:3  | HP: 4/129 [salamander tyrant/flame surge (39)]
 42750 | Snake:3  | Reached skill level 9 in Evocations
 42947 | Snake:3  | Learned a level 6 spell: Bombard
 43006 | Snake:3  | Identified the blade talisman of Afeax {Int+5 Dex-2}
 43364 | Snake:3  | Reached skill level 2 in Dodging
 43590 | Snake:3  | Noticed Saint Roka
 43596 | Snake:3  | Killed Saint Roka
 43597 | Snake:3  | Reached skill level 2 in Armour
 44268 | Snake:4  | Entered Level 4 of the Snake Pit
 44557 | Snake:4  | Reached skill level 11 in Spellcasting
 44680 | Snake:4  | Identified the +4 quarterstaff "Lorem Ipsum" {flame, Int+6}
 44746 | Snake:4  | Reached XP level 17. HP: 136/136 MP: 12/32
 44860 | Snake:4  | Noticed tbh1313's ghost (adept OgBe)
 45400 | Snake:4  | Learned a level 4 spell: Dispel Undead
 45520 | Snake:4  | Identified a +0 robe of resistance
 45535 | Snake:4  | Reached skill level 3 in Armour
 45677 | Snake:4  | Reached skill level 10 in Ice Magic
 45961 | Snake:4  | Reached skill level 8 in Fire Magic
 46114 | Snake:4  | Found a runed translucent gate.
 46354 | Snake:4  | Found a runed translucent gate.
 46354 | Snake:4  | Found a runed translucent gate.
 47182 | Snake:4  | Noticed a quicksilver dragon
 47185 | Snake:4  | Killed a quicksilver dragon
 47186 | Snake:4  | Reached skill level 1 in Necromancy
 47438 | Snake:4  | Got a serpentine rune of Zot
 48206 | Swamp:1  | Entered Level 1 of the Swamp
 48785 | Swamp:1  | Noticed Louise
 48808 | Swamp:1  | Killed Louise
 48809 | Swamp:1  | Reached skill level 9 in Earth Magic
 48816 | Swamp:1  | Reached skill level 12 in Air Magic
 48936 | Swamp:1  | Reached skill level 4 in Armour
 48967 | Swamp:1  | Noticed Kirke
 49086 | Lair:2   | Reached skill level 6 in Shapeshifting
 49092 | Lair:2   | Noticed a sphinx
 49669 | Lair:2   | Killed Kirke
 49670 | Lair:2   | Reached skill level 9 in Fighting
 49860 | Swamp:1  | Reached skill level 3 in Dodging
 49860 | Swamp:1  | Reached skill level 9 in Shields
 50588 | Swamp:2  | Reached XP level 18. HP: 127/145 MP: 16/33
 50919 | Swamp:2  | Reached skill level 2 in Necromancy
 51052 | Swamp:2  | Found a runed translucent door.
 51887 | Swamp:3  | Identified the dragon-blood talisman "Yqelelog" {Will+}
 51887 | Swamp:3  | Noticed Bai Suzhen
 52172 | Swamp:3  | Identified the +4 flail of Rubi {drain, *Corrode rF+ SInv
                  | Stlth+}
 52290 | Swamp:3  | Killed Bai Suzhen
 52291 | Swamp:3  | Reached skill level 13 in Conjurations
 52522 | Swamp:3  | Found a transporter.
 52525 | Swamp:3  | Noticed Ruqos's ghost (adept MiBe)
 52526 | Swamp:3  | Found a transporter.
 52796 | Swamp:4  | Entered Level 4 of the Swamp
 52848 | Swamp:4  | Found a frozen archway.
 52886 | IceCv    | Entered an ice cave
 53371 | IceCv    | Reached skill level 9 in Fire Magic
 53960 | IceCv    | Identified the +4 trident of Suaczut {freeze, rElec Str-4
                  | Int+5}
 53961 | IceCv    | Identified the +4 orcbow of Doom {freeze, rF+ rCorr}
 54335 | IceCv    | Reached skill level 3 in Necromancy
 54433 | IceCv    | Reached skill level 10 in Evocations
 54484 | IceCv    | Identified a +2 robe of resistance
 54548 | IceCv    | Reached skill level 11 in Ice Magic
 54828 | Swamp:4  | Noticed the 27-headed Lernaean hydra
 55585 | Swamp:4  | Killed the 27-headed Lernaean hydra
 55586 | Swamp:4  | Reached skill level 10 in Earth Magic
 55586 | Swamp:4  | Reached XP level 19. HP: 152/152 MP: 0/34
 55635 | Swamp:4  | Reached skill level 12 in Spellcasting
 55855 | Swamp:4  | Reached skill level 4 in Dodging
 56069 | Swamp:4  | Got a decaying rune of Zot
 56528 | D:10     | Bought a scroll of brand weapon for 104 gold pieces
 56528 | D:10     | Bought a scroll of fear for 44 gold pieces
 56528 | D:10     | Bought a scroll of fear for 44 gold pieces
 56534 | D:10     | Bought a scroll of teleportation for 66 gold pieces
 56534 | D:10     | Bought a scroll of immolation for 88 gold pieces
 56534 | D:10     | Bought a potion of enlightenment for 110 gold pieces
 56698 | Vaults:1 | Entered Level 1 of the Vaults
 57931 | Vaults:1 | Reached skill level 10 in Shields
 58378 | Vaults:1 | Reached skill level 4 in Necromancy
 58894 | Vaults:1 | Reached skill level 7 in Shapeshifting
 58971 | Vaults:1 | Reached skill level 10 in Fire Magic
 59631 | Vaults:2 | Noticed Margery
 59640 | Vaults:2 | Killed Margery
 60073 | Vaults:2 | Reached skill level 10 in Fighting
 61105 | Vaults:2 | Reached skill level 14 in Conjurations
 61280 | Vaults:3 | Found a staircase to the Crypt.
 61280 | Vaults:3 | Found an ancient bone altar of Kikubaaqudgha.
 61281 | Vaults:3 | Found a basalt altar of Yredelemnul.
 61291 | Crypt:1  | Entered Level 1 of the Crypt
 61385 | Crypt:1  | Reached skill level 12 in Ice Magic
 61399 | Crypt:1  | Reached XP level 20. HP: 129/161 MP: 4/36
 62195 | Vaults:3 | Reached skill level 5 in Dodging
 63450 | Vaults:4 | Reached skill level 5 in Necromancy
 63787 | Vaults:4 | Found a crumbling gateway.
 63813 | Desolati | Entered the Desolation of Salt
 64087 | Desolati | Got the Grimoire of Generation and Exhalation
 64089 | Desolati | Identified the amulet "Rizo" {Spirit rPois Will- Str+3
                  | SInv}
 64128 | Desolati | Identified the +6 quarterstaff "Armataur's Bane" {holy, rC+
                  | rCorr}
 64172 | Desolati | Reached skill level 11 in Evocations
 64551 | Desolati | Reached skill level 13 in Spellcasting
 64798 | Desolati | Identified the ring "Alush" {*Slow rF+++ rC+ Will- Stlth+}
 64935 | Desolati | Reached skill level 11 in Shields
 65151 | Desolati | Identified the ring "Sadwouz" {rC+ Str+3 Stlth+}
 65156 | Desolati | Identified the +1 plate armour "Himm" {Fly rElec rN+++
                  | Will-}
 65307 | Desolati | Found the +10 Black Knight's barding {ponderous, rPois rN+}
 65316 | Desolati | Got the Atlas of the Gelid Tropics
 65319 | Desolati | Got the Spellbook of Imprecation and Bruises
 65323 | Desolati | Got Sif Muna's Folio of Wounds
 65722 | Vaults:4 | Identified the ring of Birdsong {rPois rN+ rCorr MP+9}
 66170 | Vaults:4 | Found Nomiaz's Antique Weapon Emporium.
 66205 | Vaults:4 | Bought a faintly glowing scimitar for 315 gold pieces
 66205 | Vaults:4 | Identified the +8 scimitar "Kuceorich" {heavy, Fragile
                  | Str+7} (You bought it in a shop on level 4 of the Vaults)
 67896 | Snake:4  | Killed tbh1313's ghost
 68032 | Snake:4  | Got the Secrets of the Flinty Snake
 68310 | D:15     | Bought a wand of iceblast (6) for 432 gold pieces
 68310 | D:15     | Bought a transparent long sword for 255 gold pieces
 68310 | D:15     | Identified the +6 long sword of Naqezam {protect, *Corrode
                  | rC++} (You bought it in a shop on level 15 of the Dungeon)
 68314 | Depths:1 | Entered Level 1 of the Depths
 68367 | Depths:1 | Reached XP level 21. HP: 145/169 MP: 20/38
 68466 | Depths:1 | Reached skill level 8 in Shapeshifting
 68467 | Depths:1 | Reached skill level 13 in Ice Magic
 68864 | Depths:1 | Reached skill level 6 in Necromancy
 69083 | Depths:1 | Identified a scroll of acquirement
 69184 | Depths:1 | Acquired 1116 gold pieces
 69202 | Depths:1 | Noticed a caustic shrike
 69208 | Depths:1 | Killed a caustic shrike
 69209 | Depths:1 | Reached skill level 15 in Conjurations
 69310 | Depths:1 | Reached skill level 6 in Dodging
 69527 | Depths:1 | Found a gateway to Hell.
 69664 | Depths:1 | Found a snail-covered altar of Cheibriados.
 69672 | Depths:1 | Found a runed translucent gate.
 69672 | Depths:1 | Found a runed translucent gate.
 69672 | Depths:1 | Found a runed translucent gate.
 69673 | Depths:1 | Noticed Jajuenucs's ghost (veteran GnWn)
 70436 | Depths:1 | Found a one-way gate to the infinite horrors of the Abyss.
 70836 | Depths:2 | Noticed a juggernaut
 70842 | Depths:1 | Reached skill level 11 in Fighting
 71985 | Depths:2 | Noticed a golden dragon
 71995 | Depths:2 | Killed a golden dragon
 72346 | Depths:2 | Identified the +4 rapier "Jiseygor" {distort, rPois MP+9
                  | Dex-4}
 72808 | Depths:1 | Reached skill level 12 in Shields
 72967 | Depths:2 | Noticed the Enchantress
 73353 | Depths:2 | Killed a juggernaut
 73424 | Depths:2 | Paralysed by a vampire knight for 5 turns
 73495 | Depths:1 | Reached XP level 22. HP: 149/179 MP: 7/39
 73594 | Depths:2 | Reached skill level 14 in Spellcasting
 73711 | Depths:2 | Killed the Enchantress
 74814 | Depths:2 | Found a one-way gate leading to the halls of Pandemonium.
 75013 | Depths:3 | Reached skill level 3 in Stealth
 75065 | Depths:3 | Found a transporter.
 75075 | Depths:3 | Noticed a caustic shrike
 75086 | Depths:3 | Noticed Rutraf's ghost (veteran DEHs)
 75452 | Depths:3 | Found Joesseh's Tremendous Tomes.
 75464 | Depths:3 | Bought the Directory of Airy Putrescence for 1419 gold
                  | pieces
 75473 | Depths:3 | Learned a level 8 spell: Maxwell's Capacitive Coupling
 75835 | Depths:3 | Reached skill level 14 in Ice Magic
 75988 | Depths:3 | Found a one-way gateway to a ziggurat.
 76096 | Depths:3 | Noticed Norris
 76101 | Depths:3 | Killed Norris
 76102 | Depths:3 | Reached skill level 12 in Evocations
 76434 | Depths:3 | Found a transporter.
 76752 | Depths:3 | Found an ornate altar of the Wu Jian Council.
 76942 | Depths:4 | Entered Level 4 of the Depths
 77100 | Depths:4 | Noticed a golden dragon
 77106 | Depths:4 | Killed a golden dragon
 77370 | Depths:4 | Found a gate to the Realm of Zot.
 77723 | Depths:4 | Reached skill level 4 in Stealth
 77724 | Depths:4 | Reached skill level 7 in Necromancy
 79151 | Elf:1    | Entered Level 1 of the Elven Halls
 79173 | Orc:2    | Bought a glowing cloak for 172 gold pieces
 79173 | Orc:2    | Bought a distressingly furry helmet for 218 gold pieces
 79173 | Orc:2    | Identified the +0 helmet "Xoson" {rElec Regen+ Dex-3} (You
                  | bought it in a shop on level 2 of the Orcish Mines)
 79251 | Elf:1    | Found Kaeje's Distillery.
 79279 | Elf:1    | Bought a potion of heal wounds for 80 gold pieces
 79279 | Elf:1    | Bought a potion of resistance for 160 gold pieces
 79279 | Elf:1    | Bought a potion of curing for 48 gold pieces
 79279 | Elf:1    | Bought a potion of resistance for 160 gold pieces
 79279 | Elf:1    | Found Uxkalus's Weapon Shop.
 79290 | Elf:1    | Bought the +9 rapier of Debt {heavy, rElec rCorr Str+3
                  | SInv} for 1316 gold pieces
 79332 | Elf:1    | Reached skill level 7 in Dodging
 79428 | Elf:1    | Reached skill level 16 in Conjurations
 79756 | Elf:1    | Reached skill level 11 in Fire Magic
 80068 | Elf:1    | Reached skill level 9 in Shapeshifting
 80282 | Elf:1    | You are sucked into a shaft and drop 1 floor!
 80282 | Elf:2    | Noticed Agnes
 80366 | Elf:2    | Reached XP level 23. HP: 188/188 MP: 1/41
 80366 | Elf:2    | Paralysed by an air elemental for 1 turns
 80394 | Elf:2    | Paralysed by an air elemental for 1 turns
 80949 | Elf:2    | Found Jiwkurah's Weapon Shoppe.
 81100 | Elf:2    | Found a runed translucent gate.
 81101 | Elf:2    | Found a runed translucent gate.
 81105 | Elf:2    | Found a runed translucent gate.
 81312 | Elf:3    | Entered Level 3 of the Elven Halls
 81315 | Elf:3    | Found Mehediw's Overcharged Wands.
 81333 | Elf:3    | Reached skill level 5 in Stealth
 81804 | Elf:3    | Identified the +3 scimitar "Oskuizxo" {holy, rN+ Stlth+}
 81884 | Elf:3    | Identified the +9 morningstar of the Sufficient God
                  | {antimagic, rF++}
 81884 | Elf:3    | Identified the +0 robe of the Divine God {rCorr Int+4}
 81947 | Elf:3    | Identified the +7 halberd of Gloom {drain, Contam *Rage Fly
                  | rElec}
 81947 | Elf:3    | Identified the +2 plate armour "Fuamyumn" {rC+}
 81965 | Elf:3    | Identified the staff of the Lame Duck {rPois rF+ Fire}
 81969 | Elf:3    | Identified the +1 ring mail of Impatience {Rampage Fly rC+
                  | Int-3}
 81987 | Elf:3    | Identified the +5 short sword "Taniqayrch" {elec, rC+ Str-4
                  | Int+3}
 81992 | Elf:3    | Identified the +6 spear "Zolyar" {holy, Fragile rElec Will+
                  | Int+3}
 82008 | Elf:3    | You are cast into the Abyss!
 82008 | Abyss:2  | Cast into level 2 of the Abyss (a deep elf demonologist)
 82137 | Abyss:3  | Found a corrupted altar of Lugonu.
 82157 | Abyss:3  | Got an abyssal rune of Zot
 82290 | Abyss:3  | Reached skill level 13 in Air Magic
 82303 | Abyss:3  | Paralysed by an air elemental for 1 turns
 82504 | Abyss:4  | Reached skill level 12 in Fighting
 82567 | Elf:3    | You pass through the gate.
 82567 | Elf:3    | Escaped the Abyss
 82849 | Elf:3    | Identified the +8 sling of Conservatism {flame, Will++
                  | Int+3}
 83807 | Slime:1  | Entered Level 1 of the Pits of Slime
 83955 | Slime:1  | Gained mutation: You occasionally lose the ability to drink
                  | potions when taking damage. [a shining eye]
 84262 | Slime:2  | Reached skill level 13 in Shields
 84262 | Slime:2  | Reached skill level 15 in Spellcasting
 85060 | Slime:3  | Paralysed by a formless jellyfish for 1 turns
 85066 | Slime:3  | Paralysed by a formless jellyfish for 1 turns
 85184 | Slime:3  | Paralysed by a formless jellyfish for 1 turns
 85660 | Slime:4  | Reached skill level 12 in Fire Magic
 85981 | Slime:5  | Entered Level 5 of the Pits of Slime
 86096 | Slime:5  | Noticed the Royal Jelly
 86100 | Slime:5  | Killed the Royal Jelly
 86204 | Slime:5  | Found the -2 hat of the Alchemist {rElec rPois rF+ rC+ rN+
                  | Will+ rMut rCorr}
 86308 | Slime:5  | Gained mutation: Your magical capacity is low. (-10% MP) [a
                  | shining eye]
 86309 | Slime:5  | Gained mutation: Your magical capacity is very low. (-20%
                  | MP) [a shining eye]
 86312 | Slime:4  | Gained mutation: You are frail. (-10% HP) [a shining eye]
 86316 | Slime:4  | Reached XP level 24. HP: 77/175 MP: 12/33
 87015 | Slime:5  | Identified the staff "Kulor" {*Slow rCorr SInv Stlth+
                  | Earth}
 87032 | Slime:5  | Identified the +6 short sword "Huojeag" {drain, rN+}
 87040 | Slime:5  | Identified the amulet "Yqao" {Reflect Rampage rF+ Str+3
                  | SH+5}
 87049 | Slime:5  | Got a slimy rune of Zot
 87051 | Slime:5  | Identified the ring of Koallit {Fly rElec rF- rN+ Str+6}
 87071 | Slime:5  | Got the Compilation of Harmful Ouranomancy
 87072 | Slime:5  | Identified the +1 broad axe of the Trees {chaos, rElec rF+
                  | SInv}
 87075 | Slime:5  | Identified the +0 pair of gloves "Suniet" {rPois rF- rCorr
                  | Int+4}
 87131 | Slime:5  | Identified the +6 whip of Vauvumam {holy, *Noise Dex+6
                  | Stlth-}
 87134 | Slime:5  | Identified the +11 arbalest of Greed {elec, *Corrode
                  | Fragile Will++ Dex+3}
 87137 | Slime:5  | Identified the +2 cloak of the Devil {Str+3}
 87782 | D:7      | Bought an Everburning Encyclopedia for 468 gold pieces
 88044 | Zot:1    | Entered Level 1 of the Realm of Zot
 88726 | Depths:4 | Reached skill level 8 in Necromancy
 89018 | Zot:1    | HP: 10/175 [purple draconian shifter/bolt of dispelling
                  | energy (39)]
 89560 | Zot:1    | Learned a level 8 spell: Ignition
 90288 | Zot:1    | Acquired 494 gold pieces
 90549 | Zot:2    | Reached skill level 17 in Conjurations
 90549 | Zot:2    | Noticed an electric golem
 90596 | Zot:1    | Lost mutation: You occasionally lose the ability to drink
                  | potions when taking damage. [potion of mutation]
 90596 | Zot:1    | Lost mutation: Your magical capacity is very low. (-20% MP)
                  | [potion of mutation]
 90596 | Zot:1    | Lost mutation: You are frail. (-10% HP) [potion of
                  | mutation]
 90596 | Zot:1    | Lost mutation: Your magical capacity is low. (-10% MP)
                  | [potion of mutation]
 90596 | Zot:1    | Gained mutation: You are agile. (Dex +4, Str/Int -1)
                  | [potion of mutation]
 90596 | Zot:1    | Gained mutation: Your tail ends in a venomous barb. [potion
                  | of mutation]
 90596 | Zot:1    | Gained mutation: Your tail ends in a sharp venomous barb.
                  | [potion of mutation]
 90596 | Zot:1    | Gained mutation: You are weak. (Str -2) [potion of
                  | mutation]
 90596 | Zot:1    | Gained mutation: Your mind is acute. (Int +4, Str/Dex -1)
                  | [potion of mutation]
 90597 | Zot:1    | Lost mutation: You are agile. (Dex +4, Str/Int -1) [potion
                  | of mutation]
 90597 | Zot:1    | Lost mutation: Your mind is acute. (Int +4, Str/Dex -1)
                  | [potion of mutation]
 90597 | Zot:1    | Lost mutation: You are weak. (Str -2) [potion of mutation]
 90597 | Zot:1    | Lost mutation: Your tail ends in a sharp venomous barb.
                  | [potion of mutation]
 90597 | Zot:1    | Gained mutation: You sometimes lose your temper in combat.
                  | [potion of mutation]
 90597 | Zot:1    | Lost mutation: You sometimes lose your temper in combat.
                  | [potion of mutation]
 90597 | Zot:1    | Gained mutation: You have a beak for a mouth. [potion of
                  | mutation]
 90597 | Zot:1    | Gained mutation: You are partially covered in iridescent
                  | scales. (AC +2) [potion of mutation]
 90597 | Zot:1    | Gained mutation: You are robust. (+10% HP) [potion of
                  | mutation]
 90597 | Zot:1    | Gained mutation: Your muscles are strong. (Str +4, Int/Dex
                  | -1) [potion of mutation]
 90964 | Zot:2    | Killed an electric golem
 90965 | Zot:2    | Reached skill level 13 in Evocations
 91380 | Zot:2    | Got the Omnibus of Rallying
 91409 | Zot:2    | Noticed a curse toe
 91424 | Zot:2    | Reached skill level 8 in Dodging
 91475 | Zot:2    | Killed a curse toe
 91642 | Zot:2    | Reached skill level 14 in Air Magic
 92294 | Zot:2    | Learned a level 5 spell: Borgnjor's Vile Clutch
 92741 | Zot:3    | Noticed an orb of fire
 92877 | Zot:3    | Gained mutation: Your magical capacity is low. (-10% MP)
                  | [an orb of fire]
 92883 | Zot:3    | HP: 16/214 [orb of fire/fireball (23)]
 92884 | Zot:3    | Killed an orb of fire
 93394 | Zot:3    | Reached skill level 10 in Shapeshifting
 93538 | Zot:3    | Reached skill level 13 in Fire Magic
 93600 | Zot:3    | Noticed an orb of fire
 93602 | Zot:3    | Gained mutation: You are clumsy. (Dex -2) [an orb of fire]
 93605 | Zot:3    | Killed an orb of fire
 94730 | Zot:3    | Noticed an ancient lich
 95067 | Zot:3    | Reached XP level 25. HP: 222/222 MP: 26/38
 95110 | Zot:3    | Noticed an orb of fire
 95115 | Zot:3    | Killed an orb of fire
 95116 | Zot:3    | Reached skill level 16 in Spellcasting
 95169 | Zot:3    | Killed an ancient lich
 95335 | Zot:3    | Identified the ring "Poanwi Parhu" {rN+ Dex+2}
 95430 | Zot:3    | Found a stormy altar of Qazlal.
 95451 | Zot:3    | Identified a +0 robe of resistance
 95842 | Zot:4    | Reached skill level 14 in Shields
 95981 | Zot:4    | Noticed a curse toe
 95990 | Zot:4    | Killed a curse toe
 97107 | Zot:4    | Found the sphere of Battle
 97196 | Zot:4    | Identified the +12 trident of Bloodstone {protect, Drain
                  | rN+ Int+2}
 97197 | Zot:4    | Identified the +3 ring mail of Kapitos {Will- Str+5 Int+4}
 97213 | Zot:4    | Identified the +4 short sword of Luxury {freeze, rElec rC-
                  | rCorr Dex+2}
 97303 | Zot:4    | Noticed an orb of fire
 97307 | Zot:4    | Killed an orb of fire
 97423 | Zot:4    | Reached skill level 9 in Necromancy
 97676 | Zot:5    | Entered Level 5 of the Realm of Zot
 98180 | Zot:5    | Noticed an ancient lich
 98180 | Zot:5    | Noticed a Killer Klown
 98187 | Zot:5    | Killed an ancient lich
 98215 | Zot:5    | Killed a Killer Klown
 98216 | Zot:5    | Reached skill level 18 in Conjurations
 98281 | Zot:5    | Noticed an orb of fire
 98285 | Zot:5    | Killed an orb of fire
 98410 | Zot:5    | Noticed an orb of fire
 98412 | Zot:5    | Noticed a Killer Klown
 98414 | Zot:5    | Gained mutation: You sometimes lose your temper in combat.
                  | [an orb of fire]
 98415 | Zot:5    | Killed an orb of fire
 98416 | Zot:5    | Reached skill level 14 in Fire Magic
 98418 | Zot:5    | Noticed an ancient lich
 98419 | Zot:5    | Killed a Killer Klown
 98437 | Zot:5    | Killed an ancient lich
 98562 | Zot:5    | Noticed an orb of fire
 98610 | Zot:5    | Killed an orb of fire
 98727 | Zot:5    | Noticed an electric golem
 98750 | Zot:5    | Killed an electric golem
 98913 | Zot:5    | Noticed an ancient lich
 98918 | Zot:5    | Killed an ancient lich
 98919 | Zot:5    | Noticed a dread lich
 98923 | Zot:5    | Killed a dread lich
 98984 | Zot:5    | Noticed a Killer Klown
 98995 | Zot:5    | Noticed a dread lich
 99006 | Zot:5    | Killed a Killer Klown
 99007 | Zot:5    | Reached skill level 14 in Evocations
 99011 | Zot:5    | Killed a dread lich
 99387 | Zot:5    | Noticed a Killer Klown
 99399 | Zot:5    | Killed a Killer Klown
 99487 | Zot:5    | Noticed a curse toe
 99489 | Zot:5    | Noticed a Killer Klown
 99539 | Zot:5    | Killed a curse toe
 99549 | Zot:5    | Killed a Killer Klown
 99705 | Zot:5    | Noticed an electric golem
 99711 | Zot:5    | Killed an electric golem
 99766 | Zot:5    | Noticed a Killer Klown
 99771 | Zot:5    | Killed a Killer Klown
100028 | Zot:5    | Reached XP level 26. HP: 225/231 MP: 21/39
100074 | Zot:5    | Lost mutation: You are robust. (+10% HP) [potion of
                  | mutation]
100074 | Zot:5    | Lost mutation: You are clumsy. (Dex -2) [potion of
                  | mutation]
100074 | Zot:5    | Lost mutation: Your magical capacity is low. (-10% MP)
                  | [potion of mutation]
100074 | Zot:5    | Lost mutation: Your muscles are strong. (Str +4, Int/Dex
                  | -1) [potion of mutation]
100074 | Zot:5    | Lost mutation: You sometimes lose your temper in combat.
                  | [potion of mutation]
100074 | Zot:5    | Lost mutation: You have a beak for a mouth. [potion of
                  | mutation]
100074 | Zot:5    | Gained mutation: You are somewhat resistant to further
                  | mutation. [potion of mutation]
100074 | Zot:5    | Gained mutation: You are weak. (Str -2) [potion of
                  | mutation]
100075 | Zot:5    | Lost mutation: Your tail ends in a venomous barb. [potion
                  | of mutation]
100075 | Zot:5    | Lost mutation: You are partially covered in iridescent
                  | scales. (AC +2) [potion of mutation]
100075 | Zot:5    | Lost mutation: You are somewhat resistant to further
                  | mutation. [potion of mutation]
100075 | Zot:5    | Lost mutation: You are weak. (Str -2) [potion of mutation]
100075 | Zot:5    | Gained mutation: You sometimes lose your temper in combat.
                  | [potion of mutation]
100075 | Zot:5    | Gained mutation: You expend magic power (3 MP) to
                  | strengthen your wands. [potion of mutation]
100075 | Zot:5    | Gained mutation: You have hidden genetic potential. [potion
                  | of mutation]
100075 | Zot:5    | Gained mutation: You have an increased reservoir of magic.
                  | (+10% MP) [potion of mutation]
100075 | Zot:5    | Gained mutation: You are partially covered in iridescent
                  | scales. (AC +2) [potion of mutation]
100076 | Zot:5    | Lost mutation: You are partially covered in iridescent
                  | scales. (AC +2) [potion of mutation]
100076 | Zot:5    | Lost mutation: You have an increased reservoir of magic.
                  | (+10% MP) [potion of mutation]
100076 | Zot:5    | Lost mutation: You have hidden genetic potential. [potion
                  | of mutation]
100076 | Zot:5    | Lost mutation: You sometimes lose your temper in combat.
                  | [potion of mutation]
100076 | Zot:5    | Lost mutation: You expend magic power (3 MP) to strengthen
                  | your wands. [potion of mutation]
100076 | Zot:5    | Gained mutation: You have large cloven feet. [potion of
                  | mutation]
100076 | Zot:5    | Gained mutation: You occasionally lose the ability to read
                  | scrolls when taking damage. [potion of mutation]
100076 | Zot:5    | Gained mutation: Your system is resistant to poisons.
                  | (rPois) [potion of mutation]
100077 | Zot:5    | Lost mutation: You occasionally lose the ability to read
                  | scrolls when taking damage. [potion of mutation]
100077 | Zot:5    | Lost mutation: You have large cloven feet. [potion of
                  | mutation]
100077 | Zot:5    | Lost mutation: Your system is resistant to poisons. (rPois)
                  | [potion of mutation]
100077 | Zot:5    | Gained mutation: You are frail. (-10% HP) [potion of
                  | mutation]
100077 | Zot:5    | Gained mutation: Your spells are a little easier to cast,
                  | but a little less powerful. [potion of mutation]
100077 | Zot:5    | Gained mutation: You occasionally shout uncontrollably at
                  | your foes. [potion of mutation]
100077 | Zot:5    | Gained mutation: You are partially covered in iridescent
                  | scales. (AC +2) [potion of mutation]
100077 | Zot:5    | Gained mutation: Your mind is acute. (Int +4, Str/Dex -1)
                  | [potion of mutation]
100078 | Zot:5    | Lost mutation: You occasionally shout uncontrollably at
                  | your foes. [potion of mutation]
100078 | Zot:5    | Lost mutation: You are partially covered in iridescent
                  | scales. (AC +2) [potion of mutation]
100078 | Zot:5    | Lost mutation: Your spells are a little easier to cast, but
                  | a little less powerful. [potion of mutation]
100078 | Zot:5    | Lost mutation: Your mind is acute. (Int +4, Str/Dex -1)
                  | [potion of mutation]
100078 | Zot:5    | Gained mutation: Your tail ends in a venomous barb. [potion
                  | of mutation]
100078 | Zot:5    | Gained mutation: You are weak. (Str -2) [potion of
                  | mutation]
100078 | Zot:5    | Gained mutation: You have an increased reservoir of magic.
                  | (+10% MP) [potion of mutation]
100079 | Zot:5    | Lost mutation: You are frail. (-10% HP) [potion of
                  | mutation]
100079 | Zot:5    | Lost mutation: You are weak. (Str -2) [potion of mutation]
100079 | Zot:5    | Lost mutation: You have an increased reservoir of magic.
                  | (+10% MP) [potion of mutation]
100079 | Zot:5    | Lost mutation: Your tail ends in a venomous barb. [potion
                  | of mutation]
100079 | Zot:5    | Gained mutation: You are agile. (Dex +4, Str/Int -1)
                  | [potion of mutation]
100079 | Zot:5    | Gained mutation: You are very agile. (Dex +8, Str/Int -2)
                  | [potion of mutation]
100079 | Zot:5    | Gained mutation: Your tail ends in a venomous barb. [potion
                  | of mutation]
100080 | Zot:5    | Lost mutation: You are very agile. (Dex +8, Str/Int -2)
                  | [potion of mutation]
100080 | Zot:5    | Lost mutation: Your tail ends in a venomous barb. [potion
                  | of mutation]
100080 | Zot:5    | Lost mutation: You are agile. (Dex +4, Str/Int -1) [potion
                  | of mutation]
100080 | Zot:5    | Gained mutation: You are clumsy. (Dex -2) [potion of
                  | mutation]
100080 | Zot:5    | Gained mutation: Your tail ends in a venomous barb. [potion
                  | of mutation]
100080 | Zot:5    | Gained mutation: You are resistant to electric shocks.
                  | (rElec) [potion of mutation]
100080 | Zot:5    | Gained mutation: You have large cloven feet. [potion of
                  | mutation]
100080 | Zot:5    | Gained mutation: You occasionally lose the ability to read
                  | scrolls when taking damage. [potion of mutation]
100080 | Zot:5    | Gained mutation: Your spells are a little harder to cast,
                  | but a little more powerful. [potion of mutation]
100080 | Zot:5    | Gained mutation: You expend magic power (3 MP) to
                  | strengthen your wands. [potion of mutation]
100081 | Zot:5    | Lost mutation: You are resistant to electric shocks.
                  | (rElec) [potion of mutation]
100081 | Zot:5    | Lost mutation: Your spells are a little harder to cast, but
                  | a little more powerful. [potion of mutation]
100081 | Zot:5    | Lost mutation: You expend magic power (3 MP) to strengthen
                  | your wands. [potion of mutation]
100081 | Zot:5    | Lost mutation: Your tail ends in a venomous barb. [potion
                  | of mutation]
100081 | Zot:5    | Lost mutation: You have large cloven feet. [potion of
                  | mutation]
100081 | Zot:5    | Lost mutation: You are clumsy. (Dex -2) [potion of
                  | mutation]
100081 | Zot:5    | Gained mutation: You are partially covered in iridescent
                  | scales. (AC +2) [potion of mutation]
100081 | Zot:5    | Gained mutation: Your muscles are strong. (Str +4, Int/Dex
                  | -1) [potion of mutation]
100081 | Zot:5    | Gained mutation: You have large cloven feet. [potion of
                  | mutation]
100150 | Zot:5    | Got the Orb of Zot
100425 | Depths:3 | Noticed Jyogebli the pandemonium lord
100435 | Depths:2 | Noticed Duing the pandemonium lord
100957 | D:$      | Escaped with the Orb!

Vanquished Creatures
  the Royal Jelly (Slime:5)
  2 dread liches (Zot:5)
  7 orbs of fire
  4 ancient liches
  A juggernaut (Depths:2)
  6 Killer Klowns (Zot:5)
  Margery (Vaults:2)
  3 curse toes
  A caustic shrike (Depths:1)
  Saint Roka (Snake:3)
  Vashnia (Snake:2)
  the Enchantress (Depths:2)
  Norris (Depths:3)
  6 golden dragons
  A bone dragon (Depths:4)
  The ghost of tbh1313 the Warrior, an adept OgBe of Trog (Snake:4)
  A hellephant (Depths:3)
  3 electric golems
  26 Orb Guardians (Zot:5)
  12 tentacled monstrosities
  4 liches
  2 deep elf blademasters
  2 walking divine tomes
  2 tentacled starspawn (Abyss:4)
  4 quicksilver dragons
  2 deep elf master archers (Elf:3)
  4 sphinxes
  A titan (Depths:2)
  Frances (Snake:1)
  6 death cobs
  10 acid blobs
  2 thorn hunters
  10 storm dragons
  2 tengu reavers
  8 shadow dragons
  2 nagarajas (Snake:4)
  10 azure jellies
  Kirke (Lair:2)
  11 draconian monks
  Aizul (Snake:2)
  7 frost giants
  12 rockslimes
  3 draconian knights
  An iron dragon (Depths:2)
  3 emperor scorpions (D:15)
  3 deep elf sorcerers (Elf:3)
  11 fire giants
  A balrug (Abyss:3)
  4 draconian scorchers
  2 imperial myrmidons (Desolation)
  4 ghost moths
  2 deep elf elementalists (Elf:3)
  Louise (Swamp:1)
  5 draconian stormcallers
  4 ghouls
  6 vault wardens
  5 draconian shifters
  An orc warlord (Elf:1)
  5 quicksilver oozes
  6 draconian annihilators
  14 stone giants
  4 ironbound thunderhulks
  6 spriggan defenders (Depths:2)
  6 very ugly things
  10 formless jellyfish
  A war gargoyle (Vaults:2)
  10 ironbound preservers
  8 deep elf demonologists
  13 green draconians
  5 vampire knights
  Nessos (D:15)
  13 red draconians
  5 eleionomae
  8 black draconians
  3 bunyips
  8 yellow draconians
  7 white draconians
  5 dire elephants
  8 purple draconians
  6 deep elf annihilators
  9 spark wasps
  An eidolon (Crypt:1)
  A blizzard demon (D:3)
  5 crystal guardians
  16 fire dragons
  20 ettins
  5 deep elf death magi (Elf:3)
  Harold (Orc:1)
  5 deep elf high priests
  10 salamander tyrants
  7 ice dragons
  7 vault guards
  5 yaktaur captains
  4 servants of whispers (Desolation)
  Erolcha (Orc:1)
  4 ragged hierophants (Desolation)
  A rakshasa (Depths:1)
  7 ghost crabs
  9 spriggan air magi
  9 anacondas
  17 great orbs of eyes
  21 hydras
  12 ironbound frosthearts
  9 peacekeepers
  8 centaur warriors (Vaults:1)
  A boulder beetle (shapeshifter) (Depths:2)
  A catoblepas (Zot:3)
  A two-headed ogre (shapeshifter) (Depths:4)
  8 alligators
  7 dancing weapons
  4 two-headed ogres
  A tengu warrior (Depths:4)
  A death knight (Crypt:1)
  A vampire mage (Depths:1)
  10 boulder beetles
  9 spriggan berserkers
  7 deep troll earth magi
  6 deep troll shamans
  12 naga warriors
  A soul eater (Depths:2)
  Urug (Orc:2)
  8 death yaks
  A storm dragon zombie (Depths:2)
  3 thrashing horrors (Abyss:4)
  25 naga sharpshooters
  11 orc high priests
  10 shock serpents
  4 sun demons (Abyss:3)
  14 hell knights
  2 wretched stars
  Nergalle (Orc:1)
  13 deep elf knights
  6 salamander mystics
  8 iron trolls
  5 skysharks
  5 skeletal warriors (Crypt:1)
  6 goliath frogs
  63 deep trolls
  4 sea snakes (D:15)
  A storm dragon skeleton (Depths:2)
  6 spriggan druids
  6 large abominations
  4 flayed ghosts
  4 glowing orange brains
  16 swamp dragons
  12 bog bodies
  10 naga ritualists
  136 slime creatures
  An orange crystal statue (IceCv)
  5 deep elf archers
  2 phantasmal warriors
  7 arcanists
  A lindwurm (shapeshifter) (Elf:3)
  3 harpies (Vaults:2)
  5 lindwurms
  22 deep elf zephyrmancers
  4 necromancers
  13 ironbound convokers
  7 orc knights
  6 orc sorcerers
  A salamander (shapeshifter) (Elf:1)
  4 will-o-the-wisps
  18 deep elf pyromancers
  40 ugly things
  A frost giant zombie (Crypt:1)
  5 mana vipers
  12 salamanders
  2 wolf spiders (D:15)
  Maurice (Orc:2)
  7 cyclopes
  8 shining eyes
  A shining eye (shapeshifter) (Depths:1)
  3 manticores
  38 black mambas
  15 vault sentinels
  16 naga magi
  6 elephants
  5 apocalypse crabs (Swamp:2)
  21 moths of wrath
  A molten gargoyle (Desolation)
  10 guardian serpents
  3 eyes of devastation
  3 unseen horrors
  A dire elephant skeleton (Crypt:1)
  20 cane toads
  A smoke demon (D:9)
  4 komodo dragons
  An efreet (D:13)
  An unseen horror (shapeshifter) (Depths:3)
  2 freezing wraiths
  23 rime drakes
  3 tormentors
  A redback zombie (Crypt:1)
  19 yaktaurs
  8 trolls
  2 tengu conjurers (Depths:4)
  A guardian mummy (Crypt:1)
  6 bloated husks
  A silent spectre (Abyss:3)
  25 hornets
  15 polar bears
  10 tyrant leeches
  31 saltlings (Desolation)
  A tarantella (shapeshifter) (Elf:2)
  24 blink frogs
  6 glass eyes
  9 raiju
  A stone giant simulacrum (Depths:2)
  9 air elementals
  A shadow (D:12)
  An ettin skeleton (Abyss:3)
  21 spriggans
  2 slime creatures (shapeshifter)
  6 wyverns
  16 water elementals
  2 basilisks
  3 fire bats (Orc:1)
  2 steam dragons
  Eustachio (D:4)
  9 golden eyes
  7 hogs
  44 yaks
  3 fire elementals (Elf:3)
  Grum (D:8)
  A starcursed mass (Abyss:4)
  30 vampire mosquitoes
  8 wargs
  Edmund (D:5)
  A neqoxec (Abyss:3)
  2 redbacks (shapeshifter)
  54 nagas
  A deep troll zombie (Crypt:1)
  16 swamp worms
  4 acid dragons
  16 water moccasins
  A hell hound (D:15)
  9 swamp drakes
  28 orc warriors
  A sky beast (D:6)
  10 ice beasts
  9 ogres
  A black bear (D:4)
  7 centaurs
  16 wolves
  2 phantoms
  6 kobold brigands
  16 bullfrogs
  3 earth elementals
  A human simulacrum (Depths:2)
  2 scorpions
  3 small abominations
  12 wights
  3 killer bees (D:4)
  An electric eel (Lair:5)
  10 howler monkeys
  Crazy Yiuf (D:4)
  5 jellies
  2 hounds
  42 orc priests
  3 human zombies (Crypt:1)
  A gnoll bouda (D:4)
  4 iguanas (D:6)
  14 orc wizards
  2 human skeletons (Crypt:1)
  11 hell rats
  A hound zombie (Crypt:1)
  4 mummies (Crypt:1)
  11 gnolls
  8 adders
  A shadow imp (D:8)
  3 white imps
  A worm (D:2)
  2 dart slugs
  66 orcs
  5 ball pythons
  6 bats
  3 endoplasms (D:2)
  3 giant cockroaches
  6 goblins
  5 hobgoblins
  6 jackals
  28 kobolds
  2 quokkas (D:1)
  A frilled lizard (D:3)
  A hobgoblin zombie (Crypt:1)
  6 rats
  A starspawn tentacle (Abyss:4)
2212 creatures vanquished.

Vanquished Creatures (collateral kills)
  the Lernaean hydra (Swamp:4)
  Bai Suzhen (Swamp:3)
  A draconian annihilator (Zot:3)
  A draconian stormcaller (Zot:2)
  Azrael (D:15)
  A dancing weapon (Elf:2)
  A mana viper (Snake:2)
  A black mamba (Snake:2)
  3 saltlings (Desolation)
  An air elemental (Elf:2)
  3 fire elementals (D:15)
15 creatures vanquished.

Vanquished Creatures (others)
  A rime drake (IceCv)
  2 bloated husks (Swamp:1)
  A kobold (D:9)
  9 foxfires
  5 starspawn tentacles (Abyss:4)
18 creatures vanquished.

Grand Total: 2245 creatures vanquished

Table legend: (Time is in decaauts)
 A = Elapsed time spent in this place.
 B = Non-inter-level travel time spent in this place.
 C = Inter-level travel time spent in this place.
 D = Time resting spent in this place.
 E = Time spent auto-exploring this place.
 F = Levels seen in this place.
 G = Mean time per level.
                   A        B        C        D        E       F      G
               +--------+--------+--------+--------+--------+-----+--------+
         Total | 101321 |  93528 |   7793 |  19958 |  59230 |  58 | 1746.9 |
       Dungeon |  24862 |  22105 |   2757 |   3084 |  16098 |  15 | 1657.5 |
        Temple |     26 |     17 |      9 |      0 |      0 |   1 |   26.0 |
          Lair |  14107 |  12596 |   1511 |   2221 |   8647 |   5 | 2821.4 |
         Swamp |   5554 |   5000 |    554 |   1330 |   2875 |   4 | 1388.5 |
     Snake Pit |  10252 |   9485 |    767 |   3553 |   4497 |   4 | 2563.0 |
    Slime Pits |   3752 |   3574 |    178 |    894 |   2139 |   5 |  750.4 |
  Orcish Mines |   3482 |   3294 |    188 |    322 |   2296 |   2 | 1741.0 |
   Elven Halls |   3889 |   3675 |    214 |    413 |   2683 |   3 | 1296.3 |
        Vaults |   8223 |   7870 |    353 |    536 |   6007 |   4 | 2055.8 |
         Crypt |    574 |    510 |     64 |     27 |    373 |   1 |  574.0 |
        Depths |  11750 |  11116 |    634 |   4232 |   5502 |   4 | 2937.5 |
           Zot |  10943 |  10382 |    561 |   2514 |   6157 |   5 | 2188.6 |
         Abyss |    546 |    546 |      0 |    102 |    158 |   3 |  182.0 |
      Ice Cave |   1757 |   1757 |      0 |    358 |    984 |   1 | 1757.0 |
    Desolation |   1598 |   1598 |      0 |    371 |    813 |   1 | 1598.0 |
               +--------+--------+--------+--------+--------+-----+--------+

Top non-repeatable levels by time:
  Lair:2: 5250 daAuts
Depths:1: 4419 daAuts
  Lair:5: 3561 daAuts
Depths:4: 3374 daAuts
 Snake:2: 3279 daAuts
 Snake:3: 2802 daAuts
 Snake:4: 2764 daAuts
   Zot:2: 2694 daAuts
Vaults:1: 2635 daAuts
   Zot:5: 2495 daAuts
   Zot:3: 2440 daAuts
     D:9: 2418 daAuts
     D:6: 2332 daAuts
Vaults:4: 2305 daAuts
  Lair:3: 2265 daAuts

Table legend:
 A = Non-vault XP
 B = Vault XP
 C = Vault XP percentage of total XP
 D = Non-vault monster count
 E = Vault monster count
 F = Vault count percentage of total count
                 A         B        C        D         E       F
            +---------+---------+-------+---------+---------+-------
      Total |  675391 |  641297 |  48.7 |    1329 |     873 |  39.6
            +---------+---------+-------+---------+---------+-------
        D:1 |      34 |       0 |   0.0 |      17 |       0 |   0.0
        D:2 |      39 |       0 |   0.0 |      14 |       0 |   0.0
        D:3 |     106 |       6 |   5.4 |      17 |       2 |  10.5
        D:4 |     705 |     251 |  26.3 |      25 |       8 |  24.2
        D:5 |     263 |     176 |  40.1 |       8 |       1 |  11.1
        D:6 |    1568 |    1260 |  44.6 |      16 |      15 |  48.4
        D:7 |    1196 |       0 |   0.0 |      16 |       0 |   0.0
        D:8 |    1629 |     639 |  28.2 |      22 |       5 |  18.5
        D:9 |    1950 |    2136 |  52.3 |      14 |      14 |  50.0
       D:10 |     657 |     588 |  47.2 |      12 |      17 |  58.6
       D:11 |    5099 |    2506 |  33.0 |      19 |       4 |  17.4
       D:12 |    7234 |       0 |   0.0 |      27 |       0 |   0.0
       D:13 |    5970 |       0 |   0.0 |      20 |       0 |   0.0
       D:14 |   11019 |    3584 |  24.5 |      26 |       4 |  13.3
       D:15 |    2359 |   22338 |  90.4 |       7 |      36 |  83.7
     Lair:1 |    1814 |       0 |   0.0 |       8 |       0 |   0.0
     Lair:2 |    6073 |    8571 |  58.5 |      29 |      21 |  42.0
     Lair:3 |    8162 |       0 |   0.0 |      28 |       0 |   0.0
     Lair:4 |    8846 |       0 |   0.0 |      27 |       0 |   0.0
     Lair:5 |   11899 |   11842 |  49.9 |      33 |      40 |  54.8
    Swamp:1 |   18011 |    8241 |  31.4 |      38 |      11 |  22.4
    Swamp:2 |    9742 |    9441 |  49.2 |      20 |      16 |  44.4
    Swamp:3 |   10158 |    4730 |  31.8 |      19 |       3 |  13.6
    Swamp:4 |   16976 |   17572 |  50.9 |      27 |      25 |  48.1
    Snake:1 |    9708 |    1522 |  13.6 |      18 |       1 |   5.3
    Snake:2 |   10333 |    8054 |  43.8 |      20 |       8 |  28.6
    Snake:3 |   24348 |    8628 |  26.2 |      52 |      22 |  29.7
    Snake:4 |   28056 |   31192 |  52.6 |      59 |      44 |  42.7
    Slime:1 |    8392 |       0 |   0.0 |      26 |       0 |   0.0
    Slime:2 |   13736 |       0 |   0.0 |      22 |       0 |   0.0
    Slime:3 |   11114 |       0 |   0.0 |      23 |       0 |   0.0
    Slime:4 |    9143 |    2000 |  17.9 |      22 |       3 |  12.0
    Slime:5 |   14612 |   12869 |  46.8 |      31 |       8 |  20.5
      Orc:1 |    4355 |    3947 |  47.5 |      20 |      15 |  42.9
      Orc:2 |    3018 |   10418 |  77.5 |      30 |      60 |  66.7
      Elf:1 |   12287 |   15460 |  55.7 |      23 |      36 |  61.0
      Elf:2 |   15618 |    4790 |  23.5 |      29 |       5 |  14.7
      Elf:3 |    9061 |   30425 |  77.1 |      19 |      28 |  59.6
   Vaults:1 |   33843 |   15098 |  30.8 |      58 |      25 |  30.1
   Vaults:2 |   12781 |   24225 |  65.5 |      18 |      31 |  63.3
   Vaults:3 |   12405 |    6128 |  33.1 |      17 |      10 |  37.0
   Vaults:4 |   21380 |   25936 |  54.8 |      30 |      35 |  53.8
    Crypt:1 |   10845 |     644 |   5.6 |      27 |       1 |   3.6
   Depths:1 |   31433 |   33310 |  51.4 |      36 |      32 |  47.1
   Depths:2 |   30412 |   51989 |  63.1 |      41 |      43 |  51.2
   Depths:3 |   16482 |   11437 |  41.0 |      23 |      10 |  30.3
   Depths:4 |   43679 |   18327 |  29.6 |      52 |      16 |  23.5
      Zot:1 |   26208 |       0 |   0.0 |      24 |       0 |   0.0
      Zot:2 |   33119 |   13223 |  28.5 |      27 |      12 |  30.8
      Zot:3 |   38640 |   40594 |  51.2 |      29 |      31 |  51.7
      Zot:4 |   27317 |   11577 |  29.8 |      19 |      11 |  36.7
      Zot:5 |    8928 |  105389 |  92.2 |       7 |      42 |  85.7
    Abyss:2 |      76 |       0 |   0.0 |       1 |       0 |   0.0
    Abyss:3 |    8521 |    6122 |  41.8 |      16 |      10 |  38.5
    Abyss:4 |   14032 |       0 |   0.0 |      21 |       0 |   0.0
      IceCv |       0 |   23733 | 100.0 |       0 |      51 | 100.0
 Desolation |       0 |   30379 | 100.0 |       0 |      61 | 100.0
            +---------+---------+-------+---------+---------+-------
